 Dungeon Crawl Stone Soup version 0.17.0 (webtiles) character file.

62706 Eucla the Carver (level 15, -10/116 HPs)
             Began as an Octopode Fighter on Nov 21, 2015.
             Was an Elder of Dithmenos.
             Shot with an arrow by a centaur warrior (23 damage)
             ... on level 12 of the Dungeon.
             The game lasted 01:00:54 (25323 turns).

Eucla the Carver (Octopode Fighter)                Turns: 25323, Time: 01:00:54

Health: -10/116    AC:  7    Str: 21    XL:     15   Next: 7%
Magic:  12/15      EV: 20    Int: 14    God:    Dithmenos [****..]
Gold:   248        SH:  0    Dex: 16    Spells: 1 memorised, 12 levels left

rFire  + . .     SeeInvis .     k - +2 dagger (elec)
rCold  . . .     Clarity  .     (no shield)
rNeg   . . .     SustAt   .     D - +1 hat
rPois  +         Gourm    .     G - amulet of rage
rElec  .         Spirit   .     C - ring of poison resistance
rCorr  .         Warding  .     v - +1 ring of evasion
rMut   .         Stasis   .     L - +3 ring of intelligence
MR     ++...                    P - ring of flight
Stlth  ++++++++++               B - ring of stealth
                                V - +4 ring of strength
                                X - ring of stealth
                                Y - ring of wizardry

@: wreathed by umbra, very resistant to hostile enchantments, uncannily stealthy
A: almost no armour, amphibious, 8 rings, constrict 8, iridescent scales 1,
rugged brown scales 1, camouflage 1, blurry vision 1, fire resistance 1, magic
resistance 1, gelatinous body 1, MP-powered wands
a: Shadow Step, Renounce Religion, Evoke Berserk Rage, Evoke Flight


You were on level 12 of the Dungeon.
You worshipped Dithmenos.
Dithmenos was greatly pleased with you.
You were hungry.

You visited 3 branches of the dungeon, and saw 21 of its levels.
You also visited: Labyrinth and Ossuary.

You collected 1302 gold pieces.
You spent 252 gold pieces at shops.

Inventory:

Hand Weapons
 a - a +1 long sword
 k - a +2 dagger of electrocution (weapon)
Missiles
 j - 2 needles of paralysis
 y - 78 poisoned needles
 I - 10 tomahawks (quivered)
Armour
 D - a +1 hat (worn)
Rods
 q - a +3 rod of shadows (12/12)
   (You took it off a minotaur in a labyrinth)
Jewellery
 o - an uncursed amulet of resist mutation
 p - an uncursed amulet of warding {unknown}
 v - a +1 ring of evasion (right tentacle)
 B - a ring of stealth (on tentacle)
 C - a ring of poison resistance (left tentacle)
 E - an uncursed ring of ice
 G - an amulet of rage (around mantle)
 L - a +3 ring of intelligence (on tentacle)
 P - a ring of flight (on tentacle)
 V - a +4 ring of strength (on tentacle)
 X - a ring of stealth (on tentacle)
 Y - a ring of wizardry (on tentacle)
Wands
 u - a wand of teleportation (1)
 M - a wand of digging (13)
 T - a wand of draining (10)
Scrolls
 g - 4 scrolls of identify
 l - 5 scrolls of magic mapping
 m - 5 scrolls of teleportation
 n - 12 scrolls of remove curse
 s - 4 scrolls of enchant weapon
 t - 7 scrolls of recharging
 F - 3 scrolls of enchant armour
 U - a scroll of blinking
 W - a scroll of fog
Potions
 c - 2 potions of berserk rage
 r - 2 potions of haste
 x - 2 potions of brilliance
 z - a potion of resistance {unknown}
 A - a potion of magic
 J - 2 potions of curing
 K - 2 potions of cancellation
 N - a potion of cure mutation
 Q - 3 potions of flight
 Z - a potion of invisibility {unknown}
Books
 e - a book of the Dragon

   Spells                             Type                      Level
   a - Flame Tongue                   Conjuration/Fire             1
   b - Cause Fear                     Hexes                        4
   c - Bolt of Fire                   Conjuration/Fire             6
   d - Dragon Form                    Transmutation                7
   e - Dragon's Call                  Summoning                    9
Comestibles
 d - 11 bread rations
 f - 6 meat rations
 w - 25 royal jellies


   Skills:
 + Level 14.1 Fighting
 - Level 14.4 Long Blades
 - Level 10.1 Throwing
 + Level 10.7 Dodging
 - Level 10.1 Stealth
   Level 3.0 Shields
 + Level 2.7 Transmutations
 + Level 3.0 Earth Magic


You had 12 spell levels left.
You knew the following spells:

 Your Spells              Type           Power        Failure   Level  Hunger
a - Stoneskin             Trmt/Erth      #.......     7%          2    ###....


Dungeon Overview and Level Annotations

Branches:
Dungeon (12/15)            Temple (1/1) D:4            Lair (8/8) D:9
  Swamp (0/4) Lair:6        Snake (0/4) Lair:4        Slime (0/6) Lair:6
    Orc (0/4) D:9

Altars:
Ashenzari
Cheibriados
Dithmenos
Elyvilon
Gozag
Kikubaaqudgha
Okawaru
Qazlal
Sif Muna
Trog
Vehumet
Xom
Yredelemnul
Zin
Jiyva

Shops:
D:10 !

Annotations:
D:11 1 runed door
Lair:1 1 exclusion


Innate Abilities, Weirdness & Mutations

You cannot wear most types of armour.
You are amphibious.
You can wear up to eight rings at the same time.
You can use your tentacles to constrict eight enemies at once.
Your skin changes colour to match your surroundings (Stealth).
Your rubbery body absorbs attacks (AC +1).
You are partially covered in iridescent scales (AC +4).
You are partially covered in rugged brown scales (AC +1, +3% HP).
Scrolls take you a little longer to read.
Your flesh is heat resistant.
You are resistant to hostile enchantments.
You expend magic power (3 MP) to strengthen your wands.


Message History

The tomahawk hits the centaur warrior but does no damage.
The centaur warrior is severely wounded.
The centaur warrior shoots an arrow.
The arrow hits you!
* * * LOW HITPOINT WARNING * * *
Throwing (i - inventory):
I - 12 tomahawks (quivered)
Press: ? - help, Shift-Dir - straight line, f/p - centaur warrior
Aim: a centaur warrior, wielding a shortbow (severely wounded, umbra)
You throw a tomahawk. The tomahawk hits the centaur warrior.
The centaur warrior is severely wounded.
The centaur warrior shoots an arrow.
The arrow hits you!
* * * LOW HITPOINT WARNING * * *
Unknown command.
Throwing (i - inventory):
I - 11 tomahawks (quivered)
Press: ? - help, Shift-Dir - straight line, f/p - centaur warrior
Aim: a centaur warrior, wielding a shortbow (severely wounded, umbra)
You throw a tomahawk. The tomahawk hits the centaur warrior.
The centaur warrior is severely wounded.
The wight closely misses you.
The centaur warrior shoots an arrow.
The arrow hits you!!
You die...

#.....#.....#.
.#)..##
#..)Kc#.....# .....#
#/###.#(###.#.....##
#...c.#.....#......
.....#.....#
......... .###
#.###.#.........# #
..#zc...#......>..#
# ....K)......... #
.....z.@(......
#######.###.... #.#
### #.# #.# #.# #.#
#.#


You could see a centaur warrior, 2 wights and a kobold.

Vanquished Creatures
  The ghost of principiadiscordia the Impaler, a journeyman DgAE (Lair:7)
  A dire elephant (Lair:4)
  A minotaur (Lab)
  2 hydras
  17 death yaks
  Nergalle (D:10)
  An unseen horror (D:11)
  A fire crab (D:12)
  A necromancer (Lair:2)
  Pikel (D:7)
  5 hill giants
  The ghost of edsrzf the Slasher, a novice CeSk of Okawaru (D:6)
  An orc knight (Lair:7)
  2 griffons
  A cyclops (D:11)
  5 black mambas
  A naga mage (Lair:4)
  23 elephants
  2 centaur zombies
  A torpor snail (Lair:4)
  2 gargoyles
  3 centaur skeletons
  6 spiny frogs
  11 komodo dragons
  A yaktaur (D:12)
  2 trolls
  A polar bear (Lair:7)
  Grinder (D:5)
  Prince Ribbit (D:7)
  A boulder beetle (Lair:8)
  A minotaur skeleton (Lab)
  18 blink frogs
  A queen bee (Lair:6)
  A slime creature (D:12)
  Sigmund (D:4)
  2 hungry ghosts
  33 yaks
  2 deep elf magi
  4 wolves (Lair:1)
  3 wyverns
  A wraith (D:11)
  Eustachio (D:5)
  3 hippogriffs
  A basilisk (Lair:4)
  2 soldier ants (D:8)
  11 porcupines
  An orc warrior (D:12)
  16 water moccasins
  2 eyes of draining (D:9)
  4 ogres
  6 phantoms
  An ice beast (D:6)
  4 slaves
  A centaur (D:9)
  13 crocodiles
  A brain worm (D:8)
  18 giant frogs
  4 scorpions
  3 wights (D:11)
  11 killer bees
  A wasp zombie (D:8)
  8 crimson imps
  4 giant frog zombies
  7 hounds
  A jelly (D:6)
  Crazy Yiuf (D:5)
  5 orc priests
  3 giant frog skeletons
  10 iguanas
  4 worker ants
  Jessica (D:3)
  A gnoll shaman (D:7)
  15 orc wizards
  3 polar bear simulacra (Lair:2)
  2 yak simulacra (Lair:2)
  2 killer bee zombies
  34 sheep
  4 wolf simulacra (Lair:2)
  A hound skeleton (D:5)
  3 mummies (Ossuary)
  Robin (D:4)
  13 gnolls
  9 adders
  75 river rats
  A shadow imp (D:11)
  An ooze (D:5)
  An adder skeleton (D:9)
  A worm (D:4)
  6 giant geckos
  34 orcs
  9 bats
  6 giant cockroaches
  10 hobgoblins
  17 jackals
  13 kobolds
  4 quokkas
  A giant cockroach zombie (D:6)
  4 giant newts
  2 gnoll skeletons (Ossuary)
  A gnoll zombie (Ossuary)
  19 goblins
  2 goblin skeletons (Ossuary)
  A goblin zombie (Ossuary)
  5 hobgoblin skeletons (Ossuary)
  2 hobgoblin zombies (Ossuary)
  2 jackal skeletons
  A jackal zombie (D:5)
  A kobold skeleton (Ossuary)
  4 kobold zombies (Ossuary)
  2 orc skeletons (Ossuary)
  2 orc zombies (Ossuary)
  5 rats
  A rat skeleton (Ossuary)
  4 rat zombies (Ossuary)
  2 river rat simulacra (Lair:2)
  3 fungi
643 creatures vanquished.

Vanquished Creatures (collateral kills)
  2 death yaks
  2 elephants
  A spiny frog (Lair:5)
  A black mamba (Lair:6)
  A fire drake (Lair:6)
  2 blink frogs (Lair:4)
  A giant leech (Lair:6)
  4 water moccasins
  A porcupine (Lair:6)
  A crocodile (Lair:6)
  2 giant frogs
  13 killer bees (Lair:6)
  9 sheep
  2 river rats (Lair:5)
  A plant (Lair:6)
43 creatures vanquished.

Vanquished Creatures (others)
  An orc knight (Lair:7)
  A yak (D:12)
  Menkaure (Ossuary)
  A big kobold (Lair:6)
  A killer bee (Lair:6)
  3 gnoll skeletons (Ossuary)
  3 gnoll zombies (Ossuary)
  6 goblin skeletons (Ossuary)
  2 goblin zombies (Ossuary)
  2 hobgoblin zombies (Ossuary)
  A kobold skeleton (Ossuary)
  An orc skeleton (Ossuary)
  3 orc zombies (Ossuary)
  A rat skeleton (Ossuary)
  A rat zombie (Ossuary)
  42 fungi
  7 plants
77 creatures vanquished.

Grand Total: 763 creatures vanquished

Notes
Turn   | Place    | Note
--------------------------------------------------------------
     0 | D:1      | Eucla the Octopode Fighter began the quest for the Orb.
     0 | D:1      | Reached XP level 1. HP: 16/16 MP: 1/1
   241 | D:1      | Reached XP level 2. HP: 19/21 MP: 2/2
   954 | D:2      | Reached XP level 3. HP: 11/26 MP: 3/3
  1368 | D:2      | Found an ancient bone altar of Kikubaaqudgha.
  1418 | D:2      | Reached skill level 1 in Stealth
  1713 | D:2      | Reached XP level 4. HP: 33/33 MP: 4/4
  1918 | D:2      | Found a shimmering altar of Xom.
  1918 | D:2      | Found a shimmering altar of Xom.
  1919 | D:2      | Found a shimmering altar of Xom.
  1927 | D:2      | Found a shimmering altar of Xom.
  1927 | D:2      | Found a shimmering altar of Xom.
  1928 | D:2      | Found a shimmering altar of Xom.
  1930 | D:2      | Found a shimmering altar of Xom.
  2129 | D:3      | Reached skill level 4 in Fighting
  2144 | D:3      | Noticed Jessica
  2147 | D:3      | Killed Jessica
  2224 | D:3      | Noticed a phantom
  2228 | D:3      | Killed a phantom
  2228 | D:3      | Reached XP level 5. HP: 27/38 MP: 5/5
  2518 | D:3      | Learned a level 2 spell: Stoneskin
  2567 | D:3      | Noticed a hungry ghost
  2575 | D:3      | Killed a hungry ghost
  2575 | D:3      | Reached skill level 5 in Fighting
  2575 | D:3      | Reached XP level 6. HP: 32/45 MP: 6/6
  2750 | D:3      | Found a snail-covered altar of Cheibriados.
  3117 | D:4      | Found a staircase to the Ecumenical Temple.
  3124 | Temple   | Entered the Ecumenical Temple
  3166 | Temple   | Became a worshipper of Dithmenos the Shadowed
  3241 | D:4      | Found a sand-covered staircase.
  3251 | Ossuary  | Entered an ossuary
  3553 | Ossuary  | Reached * piety under Dithmenos
  3792 | Ossuary  | Killed Menkaure
  3981 | Ossuary  | Reached XP level 7. HP: 50/50 MP: 7/7
  4249 | D:4      | Noticed Robin
  4277 | D:4      | Killed Robin
  4746 | D:3      | Gained mutation: You expend magic power (3 MP) to strengthen your wands. [potion of mutation]
  4746 | D:3      | Gained mutation: Scrolls take you a little longer to read. [potion of mutation]
  4746 | D:3      | Gained mutation: You are partially covered in iridescent scales (AC +4). [potion of mutation]
  4747 | D:3      | Gained mutation: You are partially covered in rugged brown scales (AC +1, +3% HP). [potion of mutation]
  4747 | D:3      | Gained mutation: Your system is resistant to poisons. [potion of mutation]
  4748 | D:3      | Gained mutation: You are resistant to hostile enchantments. [potion of mutation]
  4749 | D:3      | Lost mutation: Your system is resistant to poisons. [potion of mutation]
  4749 | D:3      | Lost mutation: Scrolls take you a little longer to read. [potion of mutation]
  4749 | D:3      | Gained mutation: Your flesh is heat resistant. [potion of mutation]
  4759 | D:4      | Reached skill level 5 in Long Blades
  4793 | D:4      | Reached ** piety under Dithmenos
  4794 | D:4      | Reached skill level 6 in Fighting
  5068 | D:4      | Found a white marble altar of Elyvilon.
  5069 | D:4      | Found a basalt altar of Yredelemnul.
  5069 | D:4      | Found a shattered altar of Ashenzari.
  5069 | D:4      | Found an iron altar of Okawaru.
  5073 | D:4      | Noticed Sigmund
  5087 | D:4      | Killed Sigmund
  5087 | D:4      | Reached skill level 5 in Stealth
  5125 | D:4      | Reached XP level 8. HP: 59/59 MP: 8/8
  5447 | D:5      | Entered Level 5 of the Dungeon
  5484 | D:5      | Noticed Grinder
  5490 | D:5      | Killed Grinder
  5584 | D:5      | Reached skill level 7 in Fighting
  5655 | D:5      | Noticed Eustachio
  5662 | D:5      | Killed Eustachio
  5776 | D:5      | Noticed Crazy Yiuf
  5782 | D:5      | Killed Crazy Yiuf
  6316 | D:6      | Reached *** piety under Dithmenos
  6327 | D:6      | Reached XP level 9. HP: 67/67 MP: 9/9
  6422 | D:6      | Noticed edsrzf's ghost (novice CeSk)
  6438 | D:6      | Killed edsrzf's ghost
  6438 | D:6      | Reached skill level 8 in Fighting
  6823 | D:6      | Found a deep blue altar of Sif Muna.
  7315 | D:7      | Noticed Pikel
  7541 | D:7      | Noticed Prince Ribbit
  7744 | D:7      | Killed Prince Ribbit
  7744 | D:7      | Reached skill level 9 in Fighting
  7748 | D:7      | Killed Pikel
  7748 | D:7      | Reached XP level 10. HP: 41/76 MP: 10/10
  8536 | D:8      | Found a stormy altar of Qazlal.
  8584 | D:8      | Noticed a hill giant
  8624 | D:8      | Killed a hill giant
  8624 | D:8      | Reached skill level 10 in Fighting
  8867 | D:8      | Reached **** piety under Dithmenos
  9134 | D:9      | Found a staircase to the Lair.
  9191 | D:9      | Found a staircase to the Orcish Mines.
  9421 | D:9      | Found a bloodstained altar of Trog.
  9476 | D:9      | Reached skill level 10 in Long Blades
  9703 | D:9      | Noticed a hill giant
  9735 | D:9      | Killed a hill giant
  9735 | D:9      | Reached skill level 10 in Stealth
 10052 | Lair:1   | Entered Level 1 of the Lair of Beasts
 10198 | Lair:1   | Reached XP level 11. HP: 84/84 MP: 6/11
 10218 | Lair:1   | Reached skill level 11 in Long Blades
 11447 | Lair:1   | Reached skill level 12 in Long Blades
 11840 | Lair:2   | Found a dark tunnel.
 12197 | Lair:2   | Noticed a necromancer
 12201 | Lair:2   | Killed a necromancer
 12201 | Lair:2   | Reached ***** piety under Dithmenos
 12201 | Lair:2   | Reached skill level 13 in Long Blades
 12796 | Lair:3   | Found a shimmering altar of Xom.
 13499 | Lair:3   | Reached XP level 12. HP: 79/91 MP: 12/12
 13681 | Lair:3   | Reached skill level 14 in Long Blades
 13854 | Lair:4   | Reached skill level 1 in Throwing
 13955 | Lair:4   | Noticed a dire elephant
 14421 | Lair:4   | Noticed a death yak
 14428 | Lair:4   | Noticed a death yak
 14430 | Lair:4   | Noticed a death yak
 14430 | Lair:4   | Noticed a death yak
 14430 | Lair:4   | Noticed a death yak
 14430 | Lair:4   | Noticed a death yak
 14431 | Lair:4   | Killed a death yak
 14433 | Lair:4   | Killed a death yak
 14433 | Lair:4   | Reached skill level 5 in Dodging
 14452 | Lair:4   | Killed a death yak
 14485 | Lair:3   | Killed a death yak
 14683 | Lair:4   | Reached skill level 5 in Throwing
 15072 | Lair:4   | Found a staircase to the Snake Pit.
 15128 | Lair:3   | Hired Borgun the orc knight for 592 gold.
 15135 | Lair:3   | Killed a death yak
 15135 | Lair:3   | Reached XP level 13. HP: 76/98 MP: 9/13
 15377 | Lair:4   | Killed a death yak
 15631 | Lair:4   | Hired Daiwkilo the big kobold for 94 gold.
 15645 | Lair:4   | Killed a dire elephant
 17098 | Lair:6   | Found a labyrinth entrance.
 17107 | Lab      | Entered a labyrinth
 17439 | Lab      | Noticed a minotaur
 17469 | Lab      | Killed a minotaur
 17484 | Lab      | Identified the Incunabulum of Earthen Protection
 17484 | Lab      | Identified Dixex's Catalogue of Battle Magic
 17802 | Lair:6   | Found a staircase to the Slime Pits.
 17804 | Lair:6   | Found a viscous altar of Jiyva.
 17886 | Lair:6   | Gained mutation: Scrolls take you a little longer to read. [helix card]
 17898 | Lair:6   | Your ally Daiwkilo died
 18393 | Lair:6   | Found a staircase to the Swamp.
 18826 | Lair:7   | Noticed principiadiscordia's ghost (journeyman DgAE)
 19328 | Lair:7   | Your ally Borgun died
 19497 | Lair:7   | Reached XP level 14. HP: 107/109 MP: 9/14
 20028 | Lair:7   | HP: 2/109 [principiadiscordia's ghost (25)]
 20039 | Lair:7   | Killed principiadiscordia's ghost
 21729 | Lair:8   | Entered Level 8 of the Lair of Beasts
 22853 | Lair:7   | Identified a +3 rod of shadows (12/12) (You took it off a minotaur in a labyrinth)
 22938 | Lair:7   | Reached skill level 10 in Dodging
 23236 | Lair:7   | Reached skill level 10 in Throwing
 23531 | D:10     | Entered Level 10 of the Dungeon
 23542 | D:10     | Noticed Nergalle
 23546 | D:10     | Killed Nergalle
 23784 | D:10     | Found Fatrax's Distillery.
 23792 | D:10     | Bought a potion of haste for 140 gold pieces
 23792 | D:10     | Bought a potion of curing for 42 gold pieces
 23792 | D:10     | Bought a potion of heal wounds for 70 gold pieces
 24129 | D:11     | Found a glowing silver altar of Zin.
 24129 | D:11     | Noticed an angel
 24130 | D:11     | Found a runed door.
 24236 | D:11     | Reached skill level 1 in Transmutations
 24261 | D:11     | Reached skill level 1 in Earth Magic
 25032 | D:12     | Reached XP level 15. HP: 107/116 MP: 15/15
 25323 | D:12     | Shot with an arrow by a centaur warrior

Action                   |  1- 3 |  4- 6 |  7- 9 | 10-12 | 13-15 || total
-------------------------+-------+-------+-------+-------+-------++-------
Melee: Long sword        |    12 |       |       |       |   139 ||   151
       Dagger            |    55 |   114 |   204 |   489 |   802 ||  1664
Throw: Throwing net      |       |       |       |     8 |     5 ||    13
       Tomahawk          |       |       |       |     1 |    23 ||    24
 Cast: Stoneskin         |       |       |       |       |     1 ||     1
Invok: Shadow Step       |       |       |       |    10 |     8 ||    18
 Abil: Evoke Berserk Rag |       |       |       |       |    14 ||    14
Evoke: Deck              |       |       |       |     2 |    11 ||    13
       Wand              |       |       |       |       |     8 ||     8
       Rod               |       |       |       |       |     1 ||     1
  Use: Potion            |     1 |     1 |     7 |     4 |    17 ||    30
       Scroll            |       |     6 |     6 |    11 |    10 ||    33
 Stab: Sleeping          |     9 |    14 |    26 |    80 |    69 ||   198
       Distracted        |       |       |     2 |     4 |    13 ||    19
       Invisible         |       |       |       |       |     1 ||     1
       Held in net/web   |       |       |       |       |     1 ||     1
  Eat: Chunk             |     2 |    14 |    15 |    14 |     5 ||    50
       Fruit             |       |       |       |     3 |    18 ||    21
       Beef jerky        |       |       |       |     1 |    12 ||    13
       Pizza             |       |       |       |       |     3 ||     3
